 Dungeon Crawl Stone Soup version 0.26-a0-200-g62faa89a7e (webtiles) character file.

Game seed: 1767196613312404112

10367 MrRokkomies the Jinx (level 11, -8/80 HPs)
             Began as a Vampire Enchanter on July 5, 2020.
             Was a Follower of Ashenzari.
             Mangled by an ice devil (23 damage)
             ... on level 2 of the Lair of Beasts.
             The game lasted 00:35:36 (10601 turns).

MrRokkomies the Jinx (Vampire Enchanter)           Turns: 10601, Time: 00:35:38

Health: -8/80      AC: 11    Str: 10    XL:     11   Next: 35%
Magic:  8/14       EV: 19    Int: 17    God:    Ashenzari [*.....]
Gold:   616        SH:  0    Dex: 22    Spells: 3/14 levels left

rFire    + . .     SeeInvis +   a - +3 dagger (venom) (curse)
rCold    . . .     Faith    .   (no shield)
rNeg     . . .     Spirit   .   D - +0 troll leather armour {Purgy}
rPois    .         Reflect  .   f - +2 helmet {SInv}
rElec    .         Harm     .   q - +0 cloak
rCorr    .                      i - +0 pair of gloves
MR       +....                  d - +1 pair of boots
Stlth    +++++.....             e - amulet of magic regeneration
HPRegen  0.83/turn              l - ring of protection from fire
MPRegen  0.39/turn              F - +6 ring of dexterity

@: confusing touch, regenerating quickly
A: no food, fangs 3, see invisible, unbreathing
a: Exsanguinate, Curse Item, Scrying, Renounce Religion


You were on level 2 of the Lair of Beasts.
You worshipped Ashenzari.
Ashenzari was aware of your devotion.
You were alive.

You visited 3 branches of the dungeon, and saw 12 of its levels.
You also visited: Sewer and Ossuary.

You collected 616 gold pieces.

Inventory:

Hand Weapons
 a - a cursed +3 dagger of venom (weapon)
Missiles
 c - 38 poisoned darts (quivered)
 n - 4 boomerangs
 H - 8 javelins
Armour
 b - a +0 robe
 d - a +1 pair of boots (worn)
 f - a +2 helmet of see invisible (worn)
 i - a +0 pair of gloves (worn)
 q - a +0 cloak (worn)
 D - a +0 troll leather armour (worn) {Purgy}
Jewellery
 e - an amulet of magic regeneration (around neck)
 l - a ring of protection from fire (left hand)
 m - an uncursed ring of wizardry
 F - a +6 ring of dexterity (right hand)
Wands
 x - a wand of polymorph (7)
 A - a wand of paralysis (6)
 E - a wand of iceblast (7)
 I - a wand of flame (7)
 L - a wand of disintegration (13)
Scrolls
 k - 6 scrolls of fear
 o - 2 scrolls of enchant weapon
 s - 3 scrolls of teleportation
 v - 2 scrolls of fog
 y - 7 scrolls of amnesia
 J - 3 scrolls of identify
Potions
 g - 2 potions of berserk rage
 h - 2 potions of stabbing
 j - 5 potions of flight
 p - a potion of cancellation {unknown}
 r - 2 potions of heal wounds
 t - 3 potions of might
 u - 2 potions of magic
 w - 4 potions of curing
 z - a potion of lignification {unknown}
 B - 3 potions of ambrosia {unknown}
 C - a potion of invisibility {unknown}
 G - 2 potions of mutation {unknown}
 K - a potion of brilliance {unknown}


   Skills:
 * Level 5.2 Fighting
 - Level 10.0 Short Blades
 + Level 8.8 Dodging
 + Level 12.3 Stealth
 - Level 2.0 Spellcasting
 * Level 4.4 Conjurations
 - Level 13.3 Hexes


You had 3 spell levels left.
You knew the following spells:

 Your Spells              Type           Power        Failure   Level  Hunger
a - Tukima's Dance        Hex            #####...     1%          3    N/A
b - Ensorcelled Hibernat  Hex/Ice        ###...       2%          2    N/A
c - Confusing Touch       Hex            #####...     1%          3    N/A
d - Dazzling Flash        Conj/Hex       ####..       1%          3    N/A

Your spell library contained the following spells:

 Spells                   Type           Power        Failure   Level  Hunger
 Corona                   Hex            #####..      1%          1    N/A

Dungeon Overview and Level Annotations

Branches:
Dungeon (9/15)             Temple (1/1) D:7            Lair (2/6) D:9
    Orc (0/2) D:9           Sewer (visited)         Ossuary (visited)
  Swamp: Lair:2-4    Shoals: Lair:2-4     Snake: Lair:2-4    Spider: Lair:2-4

Altars:
Ashenzari
Cheibriados
Dithmenos
Elyvilon
Fedhas
Gozag
Hepliaklqana
Kikubaaqudgha
Makhleb
Nemelex Xobeh
Okawaru
Qazlal
Ru
Sif Muna
Trog
Uskayaw
Vehumet
Wu Jian
Xom
Yredelemnul
Zin
The Shining One

Shops:
D:4 }   D:9 }

Portals:
Ice
Cave: Lair:2


Innate Abilities, Weirdness & Mutations

You do not eat.
Your natural rate of healing is unusually fast.
You have razor-sharp teeth.
You have supernaturally acute eyesight. (SInv)
You can survive without breathing.


Message History

Confirm with . or Enter, or press ? or * to list all spells.
Your hands begin to glow red.
You hit the ice devil but do no damage.
The ice devil is moderately wounded.
You hear the faint crackling of a melting archway.
The ice devil hits you. The ice devil freezes you!!
You hit the ice devil but do no damage.
The ice devil is moderately wounded.
You hit the ice devil but do no damage.
The ice devil is moderately wounded.
The ice devil hits you but does no damage.
You hit the ice devil but do no damage.
The ice devil is moderately wounded.
You hit the ice devil but do no damage.
You bite the ice devil, but do no damage.
The ice devil is moderately wounded.
The ice devil hits you!
* * * LOW HITPOINT WARNING * * *
The ice devil freezes you!!
You die...

####### #..\..# #.....#
..... . ... .. #4# ...
##@## .... #...#
.....###+#+#
........{{..#
........#F####
......FP#.###
......P###..####... ..##
.......#.F........
.....###................


You could see an ice devil.

Vanquished Creatures
  2 cane toads
  An ice devil (Lair:2)
  2 komodo dragons (Lair:1)
  A troll (D:9)
  2 blink frogs (Lair:2)
  2 hippogriffs
  12 yaks (Lair:1)
  3 hungry ghosts
  3 wargs
  4 water moccasins
  A porcupine (Lair:2)
  An ice beast (D:8)
  3 orc warriors (D:9)
  Purgy (D:4)
  2 ogres
  A necrophage (D:6)
  A crocodile (Lair:1)
  2 centaurs
  8 big kobolds
  5 bullfrogs
  A water moccasin zombie (Ossuary)
  A scorpion (D:9)
  A howler monkey (D:9)
  4 wights
  A centaur zombie (D:9)
  2 hounds
  A bullfrog zombie (D:5)
  7 orc priests
  Crazy Yiuf (D:2)
  A gnoll shaman (D:6)
  7 orc wizards
  2 bullfrog skeletons
  4 iguanas
  5 worker ants
  2 big kobold zombies (Ossuary)
  A hound skeleton (D:8)
  2 mummies (Ossuary)
  Robin (D:2)
  4 gnolls (D:6)
  12 adders
  A howler monkey skeleton (D:9)
  A river rat (Sewer)
  A shadow imp (D:9)
  A white imp (D:5)
  3 ufetubi
  An ooze (D:5)
  8 adder zombies (Ossuary)
  2 adder skeletons
  6 worms
  5 dart slugs
  4 leopard geckos
  35 orcs
  5 ball pythons
  10 bats
  3 giant cockroaches
  15 goblins
  6 hobgoblins
  2 jackals (D:4)
  4 quokkas
  6 frilled lizards
  A gnoll zombie (Ossuary)
  2 hobgoblin zombies (Ossuary)
  A jackal skeleton (D:5)
  38 kobolds
  4 kobold zombies (Ossuary)
  2 orc zombies (Ossuary)
  2 quokka skeletons
  8 rats
294 creatures vanquished.

Vanquished Creatures (collateral kills)
  A gnoll (D:6)
1 creature vanquished.

Vanquished Creatures (others)
  A dancing weapon (D:9)
  A fungus (Lair:1)
  3 plants (Lair:1)
5 creatures vanquished.

Grand Total: 300 creatures vanquished

Notes
Turn   | Place    | Note
-------+----------+-------------------------------------------
     0 | D:1      | MrRokkomies the Vampire Enchanter began the quest for the
                  | Orb.
     0 | D:1      | Reached XP level 1. HP: 13/13 MP: 3/3
   178 | D:1      | Reached XP level 2. HP: 19/19 MP: 5/5
   318 | D:1      | Reached skill level 5 in Hexes
   741 | D:1      | Learned a level 2 spell: Ensorcelled Hibernation
   811 | D:2      | Reached XP level 3. HP: 24/24 MP: 6/6
  1168 | D:2      | Noticed Robin
  1233 | D:2      | Killed Robin
  1540 | D:2      | Reached skill level 5 in Stealth
  1540 | D:2      | Reached XP level 4. HP: 19/30 MP: 2/7
  2054 | D:2      | Found a runed translucent door.
  2055 | D:2      | Noticed Crazy Yiuf
  2109 | D:1      | Learned a level 3 spell: Confusing Touch
  2122 | D:2      | Killed Crazy Yiuf
  2257 | D:3      | Reached skill level 6 in Hexes
  2261 | D:3      | Reached XP level 5. HP: 34/35 MP: 6/8
  3136 | D:4      | Found a glowing drain.
  3166 | Sewer    | Entered a sewer
  3251 | Sewer    | Reached skill level 7 in Hexes
  3251 | Sewer    | Reached XP level 6. HP: 18/41 MP: 1/9
  4049 | D:4      | Reached XP level 7. HP: 37/46 MP: 5/10
  4077 | D:4      | Learned a level 3 spell: Tukima's Dance
  4119 | D:4      | Found Rusei's Gadget Shop.
  4270 | D:4      | Found an ancient bone altar of Kikubaaqudgha.
  4272 | D:4      | Found a radiant altar of Vehumet.
  4296 | D:4      | Noticed Purgy
  4299 | D:4      | Killed Purgy
  4299 | D:4      | Reached skill level 5 in Short Blades
  4299 | D:4      | Reached skill level 8 in Hexes
  4354 | D:5      | Entered Level 5 of the Dungeon
  4788 | D:5      | Noticed a hungry ghost
  4795 | D:5      | Killed a hungry ghost
  4795 | D:5      | Reached skill level 9 in Hexes
  4795 | D:5      | Reached XP level 8. HP: 52/52 MP: 11/11
  5439 | D:6      | Learned a level 3 spell: Dazzling Flash
  5472 | D:6      | Reached skill level 5 in Dodging
  5847 | D:6      | Reached skill level 10 in Hexes
  6211 | D:6      | Found a sacrificial altar of Ru.
  6399 | D:7      | Got a pitted ring mail
  6400 | D:7      | Identified the +0 ring mail of Servitude {*Corrode Str+5}
                  | (You found it on level 7 of the Dungeon)
  6475 | D:6      | Reached skill level 10 in Short Blades
  6475 | D:6      | Reached skill level 10 in Stealth
  6475 | D:6      | Reached skill level 13 in Hexes
  6475 | D:6      | Reached XP level 9. HP: 57/57 MP: 8/12
  6603 | D:7      | Found a glowing golden altar of the Shining One.
  6659 | D:7      | Found a staircase to the Ecumenical Temple.
  6668 | Temple   | Entered the Ecumenical Temple
  7001 | D:7      | Found a shattered altar of Ashenzari.
  7001 | D:7      | Found a sparkling altar of Nemelex Xobeh.
  7005 | D:7      | Became a worshipper of Ashenzari the Shackled
  7285 | D:8      | Reached skill level 1 in Fighting
  7286 | D:8      | Found a sand-covered staircase.
  7295 | Ossuary  | Entered an ossuary
  7340 | Ossuary  | Reached skill level 1 in Conjurations
  7546 | Ossuary  | Reached XP level 10. HP: 65/65 MP: 13/13
  7867 | D:8      | Found a burning altar of Makhleb.
  8772 | D:9      | Found a staircase to the Lair.
  9010 | D:9      | Found a staircase to the Orcish Mines.
  9150 | D:9      | Reached * piety under Ashenzari
  9449 | D:9      | Found Guabuh's Gadget Shop.
  9505 | Lair:1   | Entered Level 1 of the Lair of Beasts
  9580 | Lair:1   | Noticed a cane toad
  9603 | Lair:1   | Killed a cane toad
  9716 | Lair:1   | Reached XP level 11. HP: 49/77 MP: 10/14
 10551 | Lair:2   | Reached skill level 5 in Fighting
 10583 | Lair:2   | Found a frozen archway.
 10601 | Lair:2   | Mangled by an ice devil

Illustrated notes

Levels and vault maps discovered:
D:1:      lightli_arrival_boilingwater, layout_loops_ring
D:2:      layout_loops_corners, serial_forest, infiniplex_forest_zigzag_1,
          infiniplex_forest_straight_3, infiniplex_forest_clump_curved,
          infiniplex_forest_3_way, infiniplex_forest_corner_1,
          infiniplex_forest_lined_2, infiniplex_forest_clump_tiny, st_stairs_6,
          minivault_14, uniq_robin, uniq_crazy_yiuf_cottage
D:3:      layout_loops_ring
D:4:      layout_basic, gammafunk_temple_overflow_statue,
          cheibrodos_sewer_entry_drain, serial_shops, shop,
          kennysheep_generic_room_4, uniq_purgy
D:5:      layout_cave_pods, first_ration, minivault_27
D:6:      layout_basic, nicolae_ru_path_of_blood
D:7:      layout_rooms, nicolae_tso_carved_into_rock,
          gammafunk_temple_overflow_wave, minmay_temple_entry_tees
D:8:      layout_basic, lemuel_crystal_altar, enter_ossuary_1
D:9:      layout_small_grid, erik_lair_orcish_takeover, erik_orc_4,
          serial_shops, shop
Temple:   minmay_temple_bridge_d
Lair:1:   layout_cellular_growth
Lair:2:   layout_cave_shapes, portal_ice_cave_demonic_guard, st_stairs_12

Skill      XL: |  1  2  3  4  5  6  7  8  9 10 11 |
---------------+----------------------------------+-----
Hexes          | 5 6 7 9 13 | 13.3
Short Blades   | 2 3 4 5 10 | 10.0
Stealth        | 5 6 7 10 11 12 | 12.3
Dodging        | 3 4 7 8 |  8.8
Fighting       | 1 4 5 |  5.2
Conjurations   | 1 3 4 |  4.4
Spellcasting   | |  2.0

Action                   |  1- 3 |  4- 6 |  7- 9 | 10-12 || total
-------------------------+-------+-------+-------+-------++-------
Melee: Dagger            |   122 |   146 |   404 |   451 ||  1123
       Bite              |     6 |    12 |    33 |    60 ||   111
Throw: Dart              |    13 |    13 |     7 |       ||    33
 Cast: Corona            |     2 |       |       |       ||     2
       Ensorcelled Hiber |     3 |    27 |    30 |    14 ||    74
       Confusing Touch   |       |     1 |     2 |     8 ||    11
       Dazzling Flash    |       |       |     2 |    10 ||    12
       Tukima's Dance    |       |       |     2 |     3 ||     5
Invok: Curse Item        |       |       |       |     1 ||     1
  Use: Scroll            |     2 |     5 |     5 |     9 ||    21
       Potion            |     1 |       |     1 |     1 ||     3
 Stab: Sleeping          |     8 |    25 |    31 |    22 ||    86
       Confused          |       |     1 |     2 |     7 ||    10
       Invisible         |       |       |     1 |    12 ||    13
       Distracted        |       |       |       |     3 ||     3
Armor: Robe              |    24 |    55 |     3 |       ||    82
       Troll leather arm |       |       |   102 |    82 ||   184
Dodge: Dodged            |    73 |    95 |   251 |   302 ||   721

Table legend:
 A = Non-vault XP
 B = Vault XP
 C = Vault XP percentage of total XP
 D = Non-vault monster count
 E = Vault monster count
 F = Vault count percentage of total count
                 A         B        C        D         E       F
            +---------+---------+-------+---------+---------+-------
      Total |   10206 |    2192 |  17.7 |     214 |      81 |  27.5
            +---------+---------+-------+---------+---------+-------
        D:1 |      39 |       0 |   0.0 |      21 |       0 |   0.0
        D:2 |      49 |      80 |  62.0 |       8 |      13 |  61.9
        D:3 |      74 |       0 |   0.0 |      20 |       0 |   0.0
        D:4 |     242 |     137 |  36.1 |      14 |       4 |  22.2
        D:5 |     519 |       0 |   0.0 |      21 |       0 |   0.0
        D:6 |     748 |       0 |   0.0 |      18 |       0 |   0.0
        D:7 |     312 |       0 |   0.0 |      17 |       0 |   0.0
        D:8 |    1644 |     418 |  20.3 |      41 |       5 |  10.9
        D:9 |     975 |     615 |  38.7 |      28 |      17 |  37.8
     Lair:1 |    4544 |       0 |   0.0 |      22 |       0 |   0.0
     Lair:2 |    1060 |     346 |  24.6 |       4 |       1 |  20.0
      Sewer |       0 |     377 | 100.0 |       0 |      19 | 100.0
    Ossuary |       0 |     219 | 100.0 |       0 |      22 | 100.0
            +---------+---------+-------+---------+---------+-------
